 Dungeon Crawl Stone Soup version 0.28.0-1-gb440e238dd (webtiles) character file.

Game seed: 8596899621021076913

8 sanka the Conjurer (level 2, 19/19 HPs)
             Began as a Merfolk Conjurer on Feb 22, 2022.
             Was a Follower of Elyvilon.
             Quit the game on level 1 of the Dungeon.
             The game lasted 00:00:45 (388 turns).

sanka the Conjurer (Merfolk Conjurer)                Turns: 388, Time: 00:00:45

Health: 19/19      AC:  2    Str:  7    XL:     2   Next: 8%
Magic:  5/5        EV: 12    Int: 17    God:    Elyvilon [*.....]
Gold:   15         SH:  0    Dex: 12    Spells: 2/5 levels left

rFire   . . .      SeeInvis .   c - +4 dagger
rCold   . . .      Faith    .   (no shield)
rNeg    . . .      Spirit   .   a - +0 robe
rPois   .          Reflect  .   (no helmet)
rElec   .          Harm     .   (no cloak)
rCorr   .          Rampage  .   (no gloves)
Will    .....                   (no boots)
Stlth   ++........              (no amulet)
HPRegen 0.06/turn               (no ring)
MPRegen 0.09/turn               (no ring)

@: no status effects
A: (nimble swimmer 2), mertail
a: Renounce Religion, Purification


You were on level 1 of the Dungeon.
You worshipped Elyvilon.
Elyvilon was aware of your devotion.
You visited 1 branch of the dungeon, and saw 1 of its levels.

You collected 15 gold pieces.

Inventory:

Hand Weapons
 c - a +4 dagger (weapon)
Armour
 a - a +0 robe (worn)
Scrolls
 b - a scroll of enchant armour {unknown}
 d - a scroll of enchant weapon {unknown}


   Skills:
 - Level 2.6 Dodging
 - Level 2.1 Stealth
 - Level 2.0 Spellcasting
 + Level 3.6 Conjurations


You had 2 spell levels left.
You knew the following spells:

 Your Spells              Type           Power      Damage    Failure   Level
a - Magic Dart            Conj           56%        1d5       4%          1
b - Searing Ray           Conj           28%        2d5       6%          2

Your spell library contained the following spells:

 Spells                   Type           Power      Damage    Failure   Level
 Dazzling Flash           Conj/Hex       14%        N/A       26%         3
 Fulminant Prism          Conj/Hex       3%         3d6       65%         4
 Iskenderun's Mystic Bla  Conj/Tloc      7%         2d4       65%         4


Dungeon Overview and Level Annotations

Branches:
Dungeon (1/15)

Altars:
Elyvilon


Innate Abilities, Weirdness & Mutations

((You are very nimble when in or above water. (Stealth+, EV+, Speed+++)))
Your lower body shifts to a powerful aquatic tail in water.


Message History

You start memorising the spell.
You continue memorising. x2
You finish memorising.
Spell assigned to 'b'.
You now have 15 gold pieces.
Found a stone staircase leading down.
There is a stone staircase leading down here.
A goblin comes into view. It is wielding a +0 dagger.
A goblin is nearby!
A goblin is nearby!
The magic dart hits the goblin.
The goblin is severely wounded.
The goblin shouts!
The magic dart hits the goblin.
You kill the goblin!
You can't see any susceptible monsters within range! (Use Z to cast anyway.)
You can't see any susceptible monsters within range! (Use Z to cast anyway.)
You start resting.
Magic restored.
Found a scroll labelled TOEC JIEN ROO.
Things that are here:
a +0 dagger; a goblin corpse Key pressed, stopping explore.
d - a scroll labelled TOEC JIEN ROO You can't see any susceptible monsters within range! (Use Z to cast anyway.) Unknown command.
Found a robe.
You see here a +0 robe.
You open the door.
There is an open door here.
Found a mace.
Found a faded altar of an unknown god.
Found 18 gold pieces.
There is a faded altar of an unknown god here.
You see here a -2 mace.
You cannot tell which god this altar belongs to.
Convert to them anyway?
Elyvilon accepts your prayer! Elyvilon welcomes you!
You can now purify yourself.
Unknown command.
Press < or > to pray at altars.
Okay, then.
Are you sure you want to abandon this character and quit the game? (Confirm with "yes".)

# #. #. # ###.#### #
#......# # #$..##.# #
#...#@## # #.....## #
#......# # #......#
#......###############
#.....................
#......###.......# ###
...................#
############.......#


There were no monsters in sight!

Vanquished Creatures
  A ball python (D:1)
  A bat (D:1)
  2 goblins (D:1)
  A hobgoblin (D:1)
  A frilled lizard (D:1)
  A rat (D:1)
7 creatures vanquished.

Notes
Turn   | Place    | Note
-------+----------+-------------------------------------------
     0 | D:1      | sanka the Merfolk Conjurer began the quest for the Orb.
     0 | D:1      | Reached XP level 1. HP: 13/13 MP: 3/3
   187 | D:1      | Reached XP level 2. HP: 19/19 MP: 1/5
   233 | D:1      | Learned a level 2 spell: Searing Ray
   379 | D:1      | Found a faded altar of an unknown god.
   387 | D:1      | Prayed at the altar of an unknown god.
   387 | D:1      | Became a worshipper of Elyvilon the Healer
   387 | D:1      | Reached * piety under Elyvilon
   388 | D:1      | Quit the game

Illustrated notes

Levels and vault maps discovered:
D:1:      minmay_arrival_checkered_box, layout_basic,
          ebering_ecumenical_altar_rust

Action                   || total
-------------------------++-------
Melee: Unarmed           ||     2
 Cast: Magic Dart        ||    13
